 Dungeon Crawl Stone Soup version 0.31-a0-217-g58bb5d79cf (webtiles) character file.

Game seed: 12516161938458383510

835 Gargoyl the Chopper (level 7, -2/44 HPs)
             Began as a Gargoyle Berserker on July 3, 2023.
             Was a Believer of Trog.
             Slain by an orc warrior
             ... wielding a +0 trident
              (9 damage)
             ... on level 4 of the Dungeon.
             The game lasted 00:03:44 (2836 turns).

Gargoyl the Chopper (Gargoyle Berserker)            Turns: 2836, Time: 00:03:45

Health: -2/44      AC:  7    Str: 20    XL:     7   Next: 98%
Magic:  7/7        EV: 12    Int:  8    God:    Trog [**....]
Gold:   107        SH:  0    Dex: 11    Spells: 6/6 levels left

rFire   . . .        e - +0 broad axe
rCold   . . .        (no shield)
rNeg    + . .        b - +0 animal skin
rPois   ∞            (no helmet)
rElec   +            (no cloak)
rCorr   .            (no gloves)
SInv    .            (no boots)
Will    ++...        (no amulet)
Stlth   ++           (no ring)
HPRegen 1.00/turn    (no ring)
MPRegen 0.10/turn

%: no passive effects
@: strong-willed, on berserk cooldown, regenerating, slowed, unable to read,
very slow
A: sickness immunity, AC +4, negative energy resistance 1, electricity
resistance, torment resistance 1, petrification resistance, inhibited
regeneration, inability to read after injury 1
a: Renounce Religion, Berserk, Trog's Hand


You were on level 4 of the Dungeon.
You worshipped Trog.
Trog was pleased with you.
You visited 1 branch of the dungeon, and saw 4 of its levels.

You collected 107 gold pieces.

Inventory:

Hand Weapons
 a - a +0 hand axe
 e - a +0 broad axe (weapon)
Missiles
 d - 8 poisoned darts (quivered)
 m - 2 throwing nets
Armour
 b - a +0 animal skin (worn)
Wands
 h - a wand of mindburst (11)
Scrolls
 l - a scroll of teleportation
Potions
 c - a potion of enlightenment
 f - a potion of resistance {unknown}
 g - a potion of ambrosia {unknown}
 j - 5 potions of curing {unknown}
 k - a potion of might {unknown}


   Skills:
 + Level 5.5 Fighting
 + Level 6.0 Axes
 + Level 2.2 Armour
 + Level 3.5 Dodging
 + Level 2.7 Stealth


You had 6 spell levels left.
You didn't know any spells.
Your spell library was empty.

Dungeon Overview and Level Annotations

Branches:
Dungeon (4/15)
 Temple: D:4-7

Altars:

Shops:
D:2 *


Innate Abilities, Weirdness & Mutations

You are immune to sickness and miasma.
Your stone body is resilient. (AC +4)
You are immune to poison.
You resist negative energy. (rN+)
You are resistant to electric shocks. (rElec)
You are resistant to unholy torment.
You are immune to petrification.
You do not regenerate when monsters are visible.
You occasionally lose the ability to read scrolls when taking damage.


Message History

You hear an angry hiss.
The adder closely misses you.
A hound comes into view.
The adder closely misses you.
You miss the adder. The adder barely misses you.
The adder bites you but does no damage.
You miss the adder. The adder closely misses you.
The orc warrior hits you from afar with a +0 trident.
The adder bites you.
An adder comes into view.
The orc warrior hits you from afar with a +0 trident!
The adder bites you but does no damage.
The adder moves out of view.
Unknown command.
You closely miss the adder.
You hear the hiss of a very distant avalanche of sand.
The adder barely misses you. The orc warrior barely misses you.
The adder closely misses you.
The orc warrior hits you from afar with a +0 trident.
The adder bites you but does no damage.
Unknown command.
You barely miss the adder.
The orc warrior hits you but does no damage.
The adder closely misses you.
The orc warrior hits you from afar with a +0 trident.
* * * LOW HITPOINT WARNING * * *
The adder bites you but does no damage.
You slash the adder!
You kill the adder!
Trog accepts your kill. The hound bites you but does no damage.
The orc warrior hits you but does no damage.
The hound closely misses you.
The orc warrior hits you from afar with a +0 trident.
* * * LOW HITPOINT WARNING * * *
Your skin crawls.
You feel strong-willed. The hound bites you but does no damage.
The orc warrior hits you from afar with a +0 trident!
You feel threatened and lose the ability to read scrolls!
You die...

**,,*,,,,**,,,,,* *****
*,,*............*
#####**,**...........,*
#####*,,*,..........,,*
#####*,**,.........#***
#####,,**,,........#
####.,,***,,,..o#..#
####§*,****,,,##h..#
####§*,,****###.@†.##############
§§§§§,,,,**##....................
#####*,,,....?.....##############
#####****###......)# #####
######### ##### ##### ##### #####


You could see an orc warrior and a hound.

Vanquished Creatures
  Pikel (D:4)
  Blork the orc (D:4)
  A scorpion (D:4)
  A jelly (D:4)
  Ijyb (D:4)
  An iguana (D:3)
  7 gnolls
  4 adders
  2 dart slugs
  7 ball pythons
  9 endoplasms
  11 goblins
  8 hobgoblins
  5 kobolds
  4 bats
  8 frilled lizards
  6 rats
77 creatures vanquished.

Notes
Turn   | Place    | Note
-------+----------+-------------------------------------------
     0 | D:1      | Gargoyl the Gargoyle Berserker began the quest for the Orb.
     0 | D:1      | Reached XP level 1. HP: 14/14 MP: 1/1
    95 | D:1      | Reached XP level 2. HP: 12/19 MP: 2/2
   159 | D:1      | Reached skill level 3 in Axes
   353 | D:1      | Reached XP level 3. HP: 17/24 MP: 3/3
   615 | D:1      | Reached ** piety under Trog
  1280 | D:2      | Reached XP level 4. HP: 29/29 MP: 4/4
  1345 | D:2      | Found Ymiho's Assorted Antiques.
  1543 | D:3      | Gained mutation: You are robust. (+10% HP) [potion of
                  | mutation]
  1543 | D:3      | Gained mutation: You have hidden genetic defects. [potion
                  | of mutation]
  1543 | D:3      | Gained mutation: Your movements are slightly less
                  | encumbered by armour. (ER -2) [potion of mutation]
  1570 | D:3      | Reached XP level 5. HP: 24/37 MP: 5/5
  1574 | D:3      | Gained mutation: You do not regenerate when monsters are
                  | visible. [hidden defects]
  1575 | D:3      | Reached skill level 4 in Axes
  2036 | D:3      | Lost mutation: Your movements are slightly less encumbered
                  | by armour. (ER -2) [potion of mutation]
  2036 | D:3      | Lost mutation: You are robust. (+10% HP) [potion of
                  | mutation]
  2036 | D:3      | Lost mutation: You have hidden genetic defects. [potion of
                  | mutation]
  2036 | D:3      | Gained mutation: You occasionally lose the ability to read
                  | scrolls when taking damage. [potion of mutation]
  2287 | D:3      | Found a faded altar of an unknown god.
  2523 | D:4      | Noticed a lemure
  2523 | D:4      | Noticed a lemure
  2523 | D:4      | Noticed Pikel
  2524 | D:4      | Noticed a lemure
  2544 | D:4      | Killed Pikel
  2545 | D:4      | Reached skill level 5 in Fighting
  2545 | D:4      | Reached skill level 5 in Axes
  2545 | D:4      | Reached XP level 6. HP: 27/40 MP: 6/6
  2545 | D:4      | Reached XP level 7. HP: 29/44 MP: 7/7
  2635 | D:4      | Noticed Blork the orc
  2647 | D:4      | Killed Blork the orc
  2814 | D:4      | Noticed Ijyb
  2818 | D:4      | Killed Ijyb
  2827 | D:4      | Reached skill level 6 in Axes
  2836 | D:4      | Slain by an orc warrior

Illustrated notes

Levels and vault maps discovered:
D:1:      onia_arrival_mini_maze_b, layout_basic, nrook_campfire
D:2:      layout_basic, serial_shops, nicolae_shop_tiny_real_fake_doors
D:3:      layout_loops_corners, dreamdust_ecumenical_altar_statues
D:4:      kennysheep_big_flooded_room, layout_basic, lemuel_round_altar,
          nicolae_ossuary_entry_ruins, minmay_manual_moon, uniq_blork_the_orc,
          uniq_ijyb, uniq_pikel

Skill      XL: |  1  2  3  4  5  6  7 |
---------------+----------------------+-----
Axes           | 3 5 6 |  6.0
Fighting       | 4 5 |  5.5
Dodging        | 2 3 |  3.5
Stealth        | 2 |  2.7
Armour         | |  2.2

Action                     |  1- 3 |  4- 6 |  7- 9 || total
---------------------------+-------+-------+-------++-------
  Melee: Hand axe          |   105 |   103 |    11 ||   219
         Punch             |     1 |     2 |       ||     3
         Broad axe         |       |       |    19 ||    19
 Invoke: Berserk           |     3 |     2 |     2 ||     7
         Trog's Hand       |       |     2 |     1 ||     3
    Use: Scroll            |     1 |     7 |       ||     8
         Potion            |       |     2 |       ||     2
   Stab: Sleeping          |     1 |     1 |     1 ||     3
 Armour: Animal skin       |    32 |    19 |    16 ||    67
  Dodge: Dodged            |    79 |    59 |    25 ||   163

Table legend: (Time is in decaauts)
 A = Elapsed time spent in this place.
 B = Non-inter-level travel time spent in this place.
 C = Inter-level travel time spent in this place.
 D = Time resting spent in this place.
 E = Time spent auto-exploring this place.
 F = Levels seen in this place.
 G = Mean time per level.
                   A        B        C        D        E       F      G
               +--------+--------+--------+--------+--------+-----+--------+
         Total |   2919 |   2822 |     97 |      0 |   2104 |   4 |  729.8 |
       Dungeon |   2919 |   2822 |     97 |      0 |   2104 |   4 |  729.8 |
               +--------+--------+--------+--------+--------+-----+--------+

Top non-repeatable levels by time:
     D:1: 988 daAuts
     D:3: 984 daAuts
     D:2: 589 daAuts
     D:4: 358 daAuts
